 Dungeon Crawl Stone Soup version 0.23-a0-242-g2b5ca64 (webtiles) character file.

1824 Amnesiac the Transmogrifier (level 8, -1/59 HPs)
             Began as a Demigod Transmuter on Sept 28, 2018.
             Slain by an orc warrior
             ... wielding a cursed -1 long sword
              (21 damage)
             ... on level 6 of the Dungeon.
             The game lasted 00:11:53 (4291 turns).

Amnesiac the Transmogrifier (Demigod Transmuter)    Turns: 4291, Time: 00:11:54

Health: -1/59      AC:  9    Str: 17    XL:     8   Next: 55%
Magic:  26/26      EV: 11    Int: 17    God:
Gold:   113        SH:  0    Dex: 16    Spells: 4/15 levels left

rFire    . . .     SeeInvis .     - Unarmed
rCold    . . .     Gourm    .   (no shield)
rNeg     . . .     Faith    .   p - +0 ring mail
rPois    .         Spirit   .   j - +0 helmet
rElec    .         Reflect  .   (no cloak)
rCorr    .         Harm     .   e - +2 pair of gloves {archery}
MR       .....                  (no boots)
Stlth    +.........             (no amulet)
HPRegen  0.19/turn              i - ring of magical power
MPRegen  0.20/turn              (no ring)

@: no status effects
A: high mp 1
a: no special abilities


You were on level 6 of the Dungeon.
You were not hungry.

You visited 1 branch of the dungeon, and saw 6 of its levels.

You collected 159 gold pieces.
You spent 46 gold pieces at shops.

Inventory:

Missiles
 a - 57 arrows
Armour
 e - a +2 pair of gloves of archery (worn)
 f - a +0 chain mail
 g - a +0 leather armour
 j - a +0 helmet (worn)
 p - a +0 ring mail (worn)
Jewellery
 i - a ring of magical power (left hand)
Wands
 b - a wand of flame (24)
Scrolls
 c - a scroll of amnesia {!r, unknown}
 h - a scroll of holy word {!r, unknown}
 l - 6 scrolls of remove curse {!r}
 m - a scroll of teleportation {!r}
 n - a scroll of enchant armour {!r}
 q - 2 scrolls of fear {!r}
 u - a scroll of fog {!r}
 w - a scroll of random uselessness {!r, unknown}
Potions
 k - 3 potions of ambrosia {!q}
 o - a potion of curing {!q}
 r - a potion of haste {!q}
 s - a potion of resistance {!q}
 t - a potion of magic {!q}
 x - a potion of agility {!q, unknown}
 z - a potion of degeneration {!q, unknown}
 A - a potion of might {!q, unknown}
Comestibles
 d - 7 rations


   Skills:
 - Level 1.0 Fighting
 - Level 1.7 Dodging
 - Level 3.0 Unarmed Combat
 - Level 4.0 Spellcasting
 + Level 9.8 Transmutations


You had 4 spell levels left.
You knew the following spells:

 Your Spells              Type           Power        Failure   Level  Hunger
a - Spider Form           Tmut/Pois      ###.......   12%         3    ###....
b - Beastly Appendage     Tmut           #####.       1%          1    None
c - Sticks to Snakes      Tmut           #####...     1%          2    ##.....
e - Blade Hands           Tmut           #####.....   14%         5    ######.

Your spell library contained the following spells:

 Spells                   Type           Power        Failure   Level  Hunger
 Ice Form                 Ice/Tmut       ###.....     36%         4    ####...


Dungeon Overview and Level Annotations

Branches:
Dungeon (6/15)             Temple (0/1) D:4

Shops:
D:5 *


Innate Abilities, Weirdness & Mutations

You have an increased reservoir of magic. (+10% MP)


Message History

Done exploring.
Done exploring.
Your transformation has ended.
You feel that your aim is more steady.
There is a fountain of clear blue water here.
Some of the chunks of flesh in your inventory have rotted away.
There is a stone staircase leading down here.
You climb downwards.
There is a stone staircase leading up here.
Done exploring.
Done exploring.
Some of the chunks of flesh in your inventory have rotted away.
There is a stone staircase leading down here.
You start resting.
Some of the chunks of flesh in your inventory have rotted away.
All of the chunks of flesh in your inventory have rotted away.
HP restored.
You climb downwards.
There is a stone staircase leading up here.
An orc comes into view. It is wielding a hand axe.
The orc shouts!
You hear a shout! x3
An orc comes into view.
An orc comes into view. It is wielding a dagger.
The orc moves out of view.
An orc warrior comes into view. It is wielding an enchanted long sword.
The orc warrior moves out of view.
Casting: Spider Form (safe; 12% risk of failure)
Confirm with . or Enter, or press ? or * to list all spells.
You turn into a venomous arachnid creature.
Your aim is not that steady anymore.
The orc blocks your attack. The orc completely misses you.
You barely miss the orc. The orc completely misses you.
You bite the orc!
You kill the orc!
You barely miss the orc. The orc hits you.
You hit the orc but do no damage.
The orc is poisoned.
You hit the orc warrior but do no damage.
You hit the orc warrior.
The orc warrior is lightly wounded.
The orc warrior completely misses you.
You hit the orc warrior but do no damage.
The orc warrior is poisoned.
The orc warrior is lightly wounded.
You kill the orc!
The orc warrior hits you with an enchanted long sword!
You hit the orc warrior but do no damage.
The orc warrior is lightly wounded.
You hit the orc warrior but do no damage.
The orc warrior looks as sick as possible!
The orc warrior is lightly wounded.
The orc warrior hits you with an enchanted long sword!
Your transformation is almost over.
You barely miss the orc warrior.
The orc warrior is severely wounded.
The orc warrior barely misses you.
You see here a ring mail.
You hit the orc warrior but do no damage.
The orc warrior is severely wounded.
The orc warrior hits you with an enchanted long sword!
* * * LOW HITPOINT WARNING * * *
Your transformation has ended.
You feel that your aim is more steady.
The orc warrior hits you with an enchanted long sword!!
You die...

#.##......)[...........
.
#.....##########.......
..#####...###
#............
..........#
#......######
........###
#............ ........#
#.......####.
........######
#..........#.
.........[oo.#
#.....#.##.#.
.###########@#
#.....#.#.... #.#
#.....#.####.
#.#####'####.. #'
#.).....# #.......
######### #.......
#....... #.......
#####.## #.


You could see an orc warrior and an orc.

Vanquished Creatures
  Pikel (D:4)
  Prince Ribbit (D:6)
  Sigmund (D:2)
  4 slaves (D:4)
  A phantom (D:4)
  4 ogres
  Blork the orc (D:4)
  A scorpion (D:5)
  2 crimson imps
  A hound (D:4)
  2 orc priests
  Ijyb (D:3)
  An iguana (D:5)
  2 orc wizards (D:4)
  A hound skeleton (D:6)
  4 gnolls (D:3)
  5 adders
  3 worms
  5 dart slugs
  2 leopard geckos
  8 orcs
  3 giant cockroaches
  8 goblins
  12 hobgoblins
  6 jackals
  3 quokkas
  A ball python (D:3)
  8 bats
  6 frilled lizards
  8 kobolds
  6 rats (D:1)
112 creatures vanquished.

Notes
Turn   | Place    | Note
-------+----------+-------------------------------------------
     0 | D:1      | Amnesiac the Demigod Transmuter began the quest for the
                  | Orb.
     0 | D:1      | Reached XP level 1. HP: 15/15 MP: 5/5
    36 | D:1      | Reached skill level 1 in Fighting
   113 | D:1      | Reached skill level 2 in Transmutations
   150 | D:1      | Reached XP level 2. HP: 20/23 MP: 5/7
   704 | D:1      | Reached XP level 3. HP: 28/28 MP: 8/8
   916 | D:2      | Learned a level 3 spell: Spider Form
  1023 | D:2      | Noticed Sigmund
  1034 | D:2      | Killed Sigmund
  1034 | D:2      | Reached skill level 4 in Transmutations
  1034 | D:2      | Reached XP level 4. HP: 30/35 MP: 11/11
  1034 | D:2      | Reached XP level 5. HP: 34/40 MP: 12/12
  1779 | D:3      | Reached XP level 6. HP: 39/47 MP: 14/14
  2075 | D:3      | Noticed Ijyb
  2087 | D:3      | Killed Ijyb
  2087 | D:3      | Reached skill level 5 in Transmutations
  2469 | D:4      | Found a staircase to the Ecumenical Temple.
  2674 | D:4      | Noticed Blork the orc
  2681 | D:4      | Killed Blork the orc
  2704 | D:4      | Reached skill level 6 in Transmutations
  2704 | D:4      | Reached XP level 7. HP: 43/52 MP: 16/16
  2838 | D:4      | Noticed Pikel
  2883 | D:4      | Killed Pikel
  2883 | D:4      | Reached skill level 8 in Transmutations
  2883 | D:4      | Reached XP level 8. HP: 43/59 MP: 17/17
  3410 | D:4      | Learned a level 5 spell: Blade Hands
  3411 | D:5      | Entered Level 5 of the Dungeon
  3884 | D:6      | Noticed Prince Ribbit
  3896 | D:6      | Killed Prince Ribbit
  3896 | D:6      | Reached skill level 9 in Transmutations
  3919 | D:5      | Found Niegres's Assorted Antiques.
  3956 | D:5      | Bought a brown potion for 23 gold pieces
  3956 | D:5      | Bought a bubbling yellow potion for 23 gold pieces
  4014 | D:5      | Learned a level 2 spell: Sticks to Snakes
  4291 | D:6      | Slain by an orc warrior

Vault maps used:
D:1:      onia_arrival_mini_spirals
D:2:      uniq_sigmund
D:3:      uniq_ijyb
D:4:      minmay_temple_entry_statues_fountains, uniq_blork_the_orc, uniq_pikel
D:5:      gammafunk_temple_overflow_wave, first_ration, serial_shops,
          nicolae_shop_waterfront, minmay_misc_feat_iff
D:6:      lemuel_blue_sif_altar, nicolae_benzene_ring, uniq_menkaure,
          uniq_prince_ribbit1

Skill      XL: |  1  2  3  4  5  6  7  8 |
---------------+-------------------------+-----
Fighting       | 1 |  1.0
Unarmed Combat | 3 |  3.0
Transmutations | 2 4 6 8 9 |  9.8
Spellcasting   | 2 3 4 |  4.0
Dodging        | |  1.7

Action                   |  1- 3 |  4- 6 |  7- 9 || total
-------------------------+-------+-------+-------++-------
Melee: Unarmed           |    92 |   171 |   140 ||   403
       Kick              |    22 |     6 |       ||    28
       Headbutt          |     3 |       |       ||     3
       Punch             |       |     1 |     1 ||     2
 Cast: Beastly Appendage |    22 |     2 |       ||    24
       Spider Form       |     3 |    26 |    16 ||    45
       Blade Hands       |       |       |     3 ||     3
  Use: Scroll            |       |       |    10 ||    10
       Potion            |       |       |     1 ||     1
 Stab: Distracted        |       |       |     1 ||     1
  Eat: Chunk             |     1 |     9 |     5 ||    15
       Ration            |       |       |     1 ||     1
Armor: Robe              |     3 |       |       ||     3
       Leather armour    |    12 |    12 |       ||    24
       Skin              |       |     5 |     7 ||    12
       Ring mail         |       |     2 |    14 ||    16
Dodge: Dodged            |    55 |   136 |   108 ||   299

Table legend:
 A = Non-vault XP
 B = Vault XP
 C = Vault XP percentage of total XP
 D = Non-vault monster count
 E = Vault monster count
 F = Vault count percentage of total count
                 A         B        C        D         E       F
            +---------+---------+-------+---------+---------+-------
      Total |    1324 |    1282 |  49.2 |     103 |       5 |   4.6
            +---------+---------+-------+---------+---------+-------
        D:1 |      51 |       0 |   0.0 |      32 |       0 |   0.0
        D:2 |      94 |     205 |  68.6 |      19 |       1 |   5.0
        D:3 |     184 |      36 |  16.4 |      25 |       1 |   3.8
        D:4 |     570 |     767 |  57.4 |      17 |       2 |  10.5
        D:5 |     398 |       0 |   0.0 |       6 |       0 |   0.0
        D:6 |      27 |     274 |  91.0 |       4 |       1 |  20.0
            +---------+---------+-------+---------+---------+-------
